 Dungeon Crawl Stone Soup version 0.32-a0-450-g080537f31e (webtiles) character file.

Game seed: 1035433836200000432

2 Goblin1989 the Sneak (level 1, -2/18 HPs)
             Began as a Demonspawn Delver on Feb 23, 2024.
             Slain by a gnoll
             ... wielding a +0 club
              (7 damage)
             ... on level 5 of the Dungeon.
             The game lasted 00:01:54 (135 turns).

Goblin1989 the Sneak (Demonspawn Delver)             Turns: 135, Time: 00:01:55

Health: -2/18      AC:  3    Str: 12    XL:     1   Next: 25%
Magic:  1/1        EV: 11    Int: 10    God:
Gold:   0          SH:  0    Dex: 14    Spells: 0/0 levels left

rFire   . . .        a - +0 short sword
rCold   . . .        (no shield)
rNeg    . . .        b - +0 leather armour
rPois   .            (no helmet)
rElec   .            (no cloak)
rCorr   +            (no gloves)
SInv    .            (no boots)
Will    .....        (no amulet)
Stlth   ++           h - ring of resist corrosion
HPRegen 0.23/turn    (no ring)
MPRegen 0.07/turn

%: no passive effects
@: no status effects
A: no striking features
a: no special abilities


You were on level 5 of the Dungeon.
You visited 1 branch of the dungeon, and saw 1 of its levels.

Inventory:

Hand Weapons
 a - a +0 short sword (weapon)
Armour
 b - a +0 leather armour (worn)
Jewellery
 h - a ring of resist corrosion (left hand)
Wands
 g - a wand of digging (3) {@v3}
Scrolls
 c - a scroll of fog
Potions
 f - a potion of haste {@q3,}
 i - a potion of degeneration {unknown}


   Skills:
 - Level 3.0 Fighting
 + Level 1.8 Short Blades
 - Level 1.7 Dodging
 + Level 4.5 Stealth


You couldn't memorise any spells.
You didn't know any spells.
Your spell library was empty.

Dungeon Overview and Level Annotations

Branches:
Dungeon (5/15) Zot: 5865
 Temple: D:4-7

Altars:


Message History

Bad monster_list_colour key: strict_neutral Options error: Unknown explore stop condition 'gates' (Goblin1989.rc:83) Welcome, Goblin1989 the Demonspawn Delver.
If you return without finding the Orb of Zot, so far below, it's all over!
Press ? for a list of commands and other information.
Found a robe and a marble ring.
Found a stone staircase leading down.
h - a ring of resist corrosion
h - a ring of resist corrosion (left hand)
An orc comes into view. It is wielding a +0 club.
The orc shouts!
You hear a shout!
Unknown command.
You hit the orc but do no damage. The orc closely misses you.
You hit the orc.
The orc is lightly wounded.
The orc hits you with a +0 club.
You take 1 damage, and have 17/18 hp.
You hit the orc.
The orc is heavily wounded.
The orc hits you with a +0 club.
You take 1 damage, and have 16/18 hp.
You hit the orc.
The orc is heavily wounded.
You hit the orc.
The orc is severely wounded.
The orc hits you with a +0 club.
You barely miss the orc.
The orc is severely wounded.
The orc barely misses you.
You closely miss the orc.
The orc is severely wounded.
The orc hits you with a +0 club.
You take 1 damage, and have 15/18 hp.
You hit the orc but do no damage.
The orc is severely wounded.
The orc misses you.
You closely miss the orc.
The orc is severely wounded.
The orc completely misses you.
You hit the orc.
You kill the orc!
Things that are here:
a +0 club; a +0 leather armour; an orc corpse You start resting.
HP restored.
Health restored: 18 An iguana comes into view.
Found a forked iron wand.
Found a stone staircase leading down.
An orc wizard comes into view.
It is wielding a +0 dagger and wearing a +2 robe of positive energy.
Unknown command.
Found a pink potion.
Found 10 gold pieces.
i - a pink potion An orc comes into view.
It is wielding a +0 whip.
The orc shouts!
You hear a shout!
The orc throws a stone.
The stone hits you.
You take 2 damage, and have 16/18 hp.
As you read the scroll of fear, it crumbles to dust.
You assume a fearsome visage.
The orc looks frightened!
Unknown command.
As you read the scroll of revelation, it crumbles to dust.
You feel aware of your surroundings. 2 orcs come into view.
An orc is wielding a +0 flail of protection.
Health restored: 18
Things that are here:
a +0 club; a +0 leather armour; an orc corpse
Found a leather armour.
Found 9 gold pieces.
A shadow imp comes into view.
The shadow imp shouts!
You hear a shout!
You hear an angry hiss.
You hear a shout!
A bombardier beetle comes into view.
A gnoll comes into view. It is wielding a +0 club.
The gnoll shouts!
A gnoll comes into view. It is wielding a +0 club.
The gnoll moves out of view.
A gnoll comes into view. It is wielding a +0 club.
Found a stone staircase leading up.
The gnoll shouts!
The shadow imp puffs mist at you.
A gnoll comes into view. It is wielding a +0 club.
The shadow imp lashes its tail.
The gnoll hits you with a +0 club. x2
* * * LOW HITPOINT WARNING * * *
You take 11 damage, and have 7/18 hp.
MASSIVE DAMAGE!!
The gnoll hits you with a +0 club.
* * * LOW HITPOINT WARNING * * *
The gnoll attacks as it pursues you! The gnoll hits you with a +0 club!
You die...

············▓▓·····▓·············
············▓▓▓▓··.█▓▓▓▓▓▓▓▓▓····
············▓ ▓··.██·······▓····
············▓ ▓▓▓..█▓▓▓▓··▓▓▓▓▓▓
············▓▓▓▓██..█ ▓▓▓·······
▓▓▓▓▓·▓▓▓▓▓▓▓···....█ ▓·▓▓▓▓▓▓██
▓·········▓▓█...█ ▓·▓..····.
▓▓▓▓▓████████gg.████·█.▓▓████
▓····.......@g<.██....···....
▓▓▓▓▓████████g█.██.█.█████l██
▓·········▓ █.█··..█.......··
▓▓·▓▓▓▓▓██.███5████......███.█
▓··▓ ▓·.............$........█
▓▓▓·▓▓▓▓▓...........█.██████....
▓········...........█.█


█████ ▓▓·▓▓▓▓▓▓▓██.....B...█.█ █ ▓·········...........█.██████ █ You could see a
bombardier beetle, 4 gnolls and a shadow imp.

Vanquished Creatures
  An orc (D:5)
1 creature vanquished.

Notes
Turn   | Place    | Note
-------+----------+-------------------------------------------
     0 | D:5      | Goblin1989 the Demonspawn Delver began the quest for the
                  | Orb.
     0 | D:5      | Reached XP level 1. HP: 18/18 MP: 1/1
    55 | D:5      | Noticed an iguana
    63 | D:5      | Noticed an orc wizard
   128 | D:5      | Noticed a bombardier beetle
   135 | D:5      | Slain by a gnoll

Illustrated notes

Levels and vault maps discovered:
D:5:      layout_basic, serial_co_window_serial, co_window_corner_a,
          co_window_paths_a, co_window_paths_b, co_window_corner_a,
          co_window_corner_a, co_window_paths_c, co_window_corner_b,
          co_window_corner_b, co_window_paths_d, glass_columns_c,
          glass_columns_a, minivault_24, guppyfry_early_orc_mine,
          uniq_blork_the_orc, uniq_duvessa, uniq_pikel

Action                     || total
---------------------------++-------
  Melee: Short sword       ||    10
    Use: Scroll            ||     2
 Armour: Leather armour    ||     9
  Dodge: Dodged            ||     4

Table legend: (Time is in decaauts)
 A = Elapsed time spent in this place.
 B = Non-inter-level travel time spent in this place.
 C = Inter-level travel time spent in this place.
 D = Time resting spent in this place.
 E = Time spent auto-exploring this place.
 F = Levels seen in this place.
 G = Mean time per level.
                   A        B        C        D        E       F      G
               +--------+--------+--------+--------+--------+-----+--------+
         Total |    133 |    133 |      0 |      7 |      0 |   1 |  133.0 |
       Dungeon |    133 |    133 |      0 |      7 |      0 |   1 |  133.0 |
               +--------+--------+--------+--------+--------+-----+--------+

Top non-repeatable levels by time:
     D:5: 133 daAuts
